 Dungeon Crawl Stone Soup version 0.28.0-53-g5a82cb258f (webtiles) character file.

Game seed: 10402454919911555865

170 issech the Chopper (level 5, -3/47 HPs)
             Began as a Minotaur Monk on June 21, 2022.
             Killed by nerve-wracking pain
             ... invoked by Jessica
              (7 damage)
             ... on level 2 of the Dungeon.
             The game lasted 00:05:20 (2145 turns).

issech the Chopper (Minotaur Monk)                  Turns: 2145, Time: 00:05:20

Health: -3/47      AC:  5    Str: 15    XL:     5   Next: 26%
Magic:  13/13      EV: 12    Int:  7    God:
Gold:   50         SH:  0    Dex: 15    Spells: 4/4 levels left

rFire   . . .      SeeInvis .   a - +0 hand axe
rCold   . . .      Faith    .   (no shield)
rNeg    . . .      Spirit   .   m - +0 ring mail
rPois   .          Reflect  .   (helmet restricted)
rElec   .          Harm     .   (no cloak)
rCorr   .          Rampage  .   (no gloves)
Will    .....                   (no boots)
Stlth   +.........              (no amulet)
HPRegen 0.15/turn               d - ring of flight
MPRegen 0.13/turn               k - ring of magical power

@: lethally poisoned (-3 -> -11), flying
A: horns 2, retaliatory headbutt
a: no special abilities


You were on level 2 of the Dungeon.
You visited 1 branch of the dungeon, and saw 2 of its levels.

You collected 50 gold pieces.

Inventory:

Hand Weapons
 a - a +0 hand axe (weapon)
Missiles
 e - 5 poisoned darts (quivered)
 f - 22 stones
 p - 47 sling bullets
Armour
 m - a +0 ring mail (worn)
 o - a +0 pair of gloves
Jewellery
 d - a ring of flight (left hand)
 k - a ring of magical power (right hand)
Scrolls
 b - a scroll of holy word {unknown}
 c - 2 scrolls of enchant weapon {unknown}
 g - a scroll of teleportation {unknown}
 h - 2 scrolls of amnesia {unknown}
 i - a scroll of fog {unknown}
 n - 2 scrolls of magic mapping {unknown}
 r - a scroll of identify {unknown}
Potions
 j - a potion of curing {unknown}
 l - 2 potions of magic {unknown}
 q - a potion of ambrosia {unknown}


   Skills:
 + Level 4.6 Fighting
 + Level 5.0 Axes
 + Level 0.2 Throwing
 + Level 1.1 Armour
 + Level 4.3 Dodging
 + Level 2.3 Stealth


You had 4 spell levels left.
You didn't know any spells.
Your spell library contained the following spells:

 Spells                   Type           Power      Damage    Failure   Level
 Beastly Appendage        Tmut           0%         N/A       67%         1
 Wereblood                Tmut           0%         N/A       80%         2
 Spider Form              Tmut/Pois      0%         N/A       95%         3


Dungeon Overview and Level Annotations

Branches:
Dungeon (2/15)

Altars:

Annotations:
D:2 Jessica


Innate Abilities, Weirdness & Mutations

You have a pair of horns on your head.
You reflexively headbutt those who attack you in melee.


Message History

The helpless Jessica fails to defend herself.
You hit Jessica but do no damage. You headbutt Jessica, but do no damage.
Jessica hits you with a +1 dagger of venom.
You are poisoned.
You closely miss Jessica.
You feel very sick.
Jessica hits you with a +1 dagger of venom.
You are more poisoned.
You hit Jessica. You headbutt Jessica.
Jessica is moderately wounded.
You feel very sick. Jessica barely misses you.
You closely miss Jessica.
Jessica is moderately wounded.
You feel very sick.
Jessica shouts, "You're disturbing me!
I'll have to kill you!"
Jessica drinks a potion.
Jessica suddenly seems more resistant.
You hit Jessica but do no damage.
Jessica is moderately wounded.
You feel very sick.
Jessica points at you and mumbles some strange words.
Pain shoots through your body!
You closely miss Jessica.
Jessica is moderately wounded.
You feel very sick.
Jessica hits you with a +1 dagger of venom.
* * * LOW HITPOINT WARNING * * *
You are lethally poisoned!
* * * LOW HITPOINT WARNING * * *
You feel very sick.
* * * LOW HITPOINT WARNING * * *
You feel very sick.
Jessica casts a spell.
Jessica blinks!
You see here a +0 whip.
* * * LOW HITPOINT WARNING * * *
You feel sick. Jessica casts a spell at you. Pain shoots through your body!
You die...

#.#.##..)........ #b
#.#.>...#.#####.. #.
#.####....# #..
####.####.# #..### #..
#.......#.###...# #..
#..#.#(.#........ ##.
#....@....#....... ##.
#.....#.#.......... ###..
#......)@..........'.....
##...ยง###........ ###..
#.#..# #.#...... ##. #
##.# #.##..... ## #.# #.#
#...### #.# #.# .....#
... ..# #.##.# #.# ###.
#.##.# #.# ##.##.##.#


You could see Jessica (resistant).

Vanquished Creatures
  A black bear (D:2)
  Natasha (D:2)
  An adder (D:2)
  2 ball pythons
  2 endoplasms
  2 giant cockroaches
  3 goblins
  5 hobgoblins
  11 jackals
  3 kobolds
  2 quokkas (D:1)
  4 bats
  A frilled lizard (D:2)
  4 rats
42 creatures vanquished.

Notes
Turn   | Place    | Note
-------+----------+-------------------------------------------
     0 | D:1      | issech the Minotaur Monk began the quest for the Orb.
     0 | D:1      | Reached XP level 1. HP: 19/19 MP: 0/0
   152 | D:1      | Reached XP level 2. HP: 24/27 MP: 1/1
   660 | D:1      | Reached skill level 4 in Axes
  1241 | D:2      | Noticed a black bear
  1252 | D:2      | Reached XP level 3. HP: 5/33 MP: 2/2
  1254 | D:2      | HP: 1/33 [jackal (1)]
  1256 | D:2      | Killed a black bear
  1257 | D:2      | Reached XP level 4. HP: 1/41 MP: 3/3
  1710 | D:2      | Noticed Natasha
  1734 | D:2      | Killed Natasha
  1735 | D:2      | Reached skill level 1 in Armour
  1735 | D:2      | Reached XP level 5. HP: 27/47 MP: 4/4
  1915 | D:2      | Reached skill level 5 in Axes
  2125 | D:2      | Noticed Jessica
  2145 | D:2      | Killed from afar by Jessica

Illustrated notes

Levels and vault maps discovered:
D:1:      wander_arrival_lonely_grave, layout_basic, grunt_decor_mini_mirrors,
          amethyst_killhole
D:2:      layout_loops_corners, uniq_crazy_yiuf_cottage, uniq_jessica,
          uniq_natasha

Skill      XL: |  1  2  3  4  5 |
---------------+----------------+-----
Axes           | 4 5 |  5.0
Fighting       | 4 |  4.6
Dodging        | 4 |  4.3
Stealth        | 2 |  2.3
Armour         | 1 |  1.1
Throwing       | |  0.2

Action                   |  1- 3 |  4- 6 || total
-------------------------+-------+-------++-------
Melee: Hand axe          |    53 |    51 ||   104
       Headbutt          |     9 |     7 ||    16
Throw: Dart              |     4 |       ||     4
 Stab: Sleeping          |     4 |     2 ||     6
Armor: Robe              |    15 |       ||    15
       Ring mail         |    12 |    25 ||    37
Dodge: Dodged            |    60 |    32 ||    92
